General information
- name: 1v1 obs ggl
- type: Custom game
- host: Joho.nom
- saver: TIMG4STRok
map: SecretValley
- players: 12
- length: 05:46
- speed: Fast
- version: 1.23 W3XP
- replay type:

» download(20 KB)
Players
team 1 (winner)
Joho.nom (
pink | 110 APM | 635 actions | 05:46)
1 Death Knight
1 Death Coil
» actions
| Assign group hotkey | 57 | |
| Build / train | 25 | |
| ESC pressed | 1 | |
| Enter build submenu | 7 | |
| Enter hero's abilities submenu | 1 | |
| Right click | 329 | |
| Select / deselect | 128 | |
| Select group hotkey | 64 | |
| Use ability | 23 | |
635 total
» units
| Acolyte | 4 | |
| Ghoul | 13 | |
| Crypt Fiend | 2 | |
19 total
» buildings
| Graveyard | 1 | |
| Crypt | 1 | |
| Altar of Darkness | 1 | |
| Ziggurat | 2 | |
| Tomb of Relics | 1 | |
| Nerubian Tower | 1 | |
| Spirit Tower | 1 | |
8 total
» build order
00:04 Graveyard
00:08 Crypt
00:39 Altar of Darkness
00:55 Ziggurat
01:20 Tomb of Relics
01:58 Ziggurat
03:17 Nerubian Tower
05:02 Spirit Tower
» items
team 2 (loser)

»
TIMG4STRok (
gray | 86 APM | 497 actions | 05:46)
3 Far Seer
2 Feral Spirit
1 Chain Lighting
» actions
| Assign group hotkey | 10 | |
| Basic commands | 12 | |
| Build / train | 18 | |
| ESC pressed | 5 | |
| Enter build submenu | 17 | |
| Enter hero's abilities submenu | 3 | |
| Right click | 196 | |
| Select / deselect | 133 | |
| Select group hotkey | 59 | |
| Use ability | 44 | |
497 total
» units
» buildings
| Altar of Storms | 1 | |
| Orc Burrow | 3 | |
| Barracks | 1 | |
| War Mill | 1 | |
| Watch Tower | 10 | |
| Voodoo Lounge | 1 | |
17 total
» build order
00:08 Altar of Storms
00:21 Orc Burrow
01:06 Orc Burrow
01:37 Barracks
01:50 War Mill
03:30 Watch Tower
03:39 Watch Tower
03:47 Watch Tower
03:56 Watch Tower
04:02 Watch Tower
04:12 Watch Tower
04:15 Watch Tower
05:01 Watch Tower
05:03 Voodoo Lounge
05:04 Watch Tower
05:23 Orc Burrow
05:31 Watch Tower
observersSDFWESDER,
overpriced.hoe,
BOLI,
Meaot,
mebe,
HumourMy4v4,
5.7,
Haspz0r,
Forbidden_10,
ToWerDeFenD Chat log
(00:15 / All) TIMG4STRok: this gonna be a sweet game
(00:17 / All) TIMG4STRok: lemme tell you
(00:18 / All) Joho.nom: Y
(00:26 / All) Joho.nom: i got a research paper
(00:28 / All) Joho.nom: due sunday
(00:30 / All) Joho.nom: hi5
(00:35 / All) TIMG4STRok: you taking summer classes or smth
(00:45 / All) Joho.nom: an online course
(01:13 / All) Joho.nom: i love kolage
(01:32 / All) TIMG4STRok: what a shit rally
(01:33 / All) Joho.nom: i wish i went to harvard
(01:40 / All) TIMG4STRok: so you could be a nerd
(01:48 / All) Joho.nom: harvard
(01:51 / All) Joho.nom: has hot girls
(01:52 / All) Joho.nom: trust me
(02:02 / All) Joho.nom: hot, dumb girls
(04:41 / All) Joho.nom: oh lordy
(04:44 / All) Joho.nom: i wasnt paying attenion
(04:45 / All) Joho.nom: and i lost
(04:58 / All) TIMG4STRok: fuckkk
(05:22 / All) Joho.nom: my shift key didnt work
(05:45 / All) Joho.nom: rm my shift key didnt work mayn